 Dungeon Crawl Stone Soup version 0.18.1-48-g4cf74bf (webtiles) character file.

3454 djnw the Caller (level 9, -9/57 HPs)
             Began as a Mummy Summoner on Aug 24, 2016.
             Was an Elder of Sif Muna.
             Mangled by a blink frog (12 damage)
             ... on level 1 of the Lair of Beasts on Aug 25, 2016.
             The game lasted 01:32:23 (12209 turns).

djnw the Caller (Mummy Summoner)                   Turns: 12209, Time: 01:32:26

Health: -9/57      AC:  6    Str: 11    XL:     9   Next: 78%
Magic:  1/19       EV: 12    Int: 17    God:    Sif Muna [****..]
Gold:   328        SH:  0    Dex: 13    Spells: 5 memorised, 9 levels left

rFire  x . .     SeeInvis .     w - +4 trident (pierce)
rCold  + . .     Gourm    .     a - +0 robe
rNeg   + + +     Faith    .     (no shield)
rPois  ∞         Spirit   .     o - +2 hat
rElec  .         Dismiss  .     h - +1 cloak
rCorr  .         Reflect  .     (no gloves)
SustAt .         Harm     .     (no boots)
MR     ++...                    n - amulet of magic regeneration
Stlth  ++........               r - ring of protection from magic
                                f - ring of flight

@: very slightly contaminated, very resistant to hostile enchantments,
unstealthy
A: no food or potions, fire vulnerability, cold resistance 1, negative energy
resistance 3, torment resistance, unbreathing
a: Channel Energy, Forget Spell, Renounce Religion, Evoke Flight


You were on level 1 of the Lair of Beasts.
You worshipped Sif Muna.
Sif Muna was greatly pleased with you.
You were not hungry.

You visited 3 branches of the dungeon, and saw 10 of its levels.

You collected 328 gold pieces.

Inventory:

Hand Weapons
 w - a +4 trident of piercing (weapon)
Armour
 a - a +0 robe (worn)
 h - a +1 cloak (worn)
 o - a +2 hat (worn)
Jewellery
 f - a ring of flight (left hand)
 n - an amulet of magic regeneration (around neck)
 r - a ring of protection from magic (right hand)
Wands
 d - a wand of confusion (16/48)
 e - a wand of random effects (27/48)
 t - a wand of slowing (24/48)
 x - a wand of polymorph (9/24)
 A - a wand of acid (7/15)
Scrolls
 g - a scroll of recharging
 i - 3 scrolls of remove curse
 k - 5 scrolls of identify
 u - a scroll of amnesia
Books
 b - a book of Callings

   Spells                             Type                      Level
   a - Summon Small Mammal            Summoning                    1
   b - Call Imp                       Summoning                    2
   c - Call Canine Familiar           Summoning                    3
   d - Summon Guardian Golem          Hexes/Summoning              3
   e - Summon Lightning Spire         Summoning/Air                4
   f - Summon Ice Beast               Ice/Summoning                4
 m - a book of the Warp

   Spells                             Type                      Level
   a - Recall                         Summoning/Translocation      3
   b - Gell's Gravitas                Hexes/Translocation          3
   c - Force Lance                    Conjuration/Translocation    4
   d - Warp Weapon                    Charms/Translocation         5
   e - Summon Forest                  Summoning/Translocation      5
 y - a book of Party Tricks

   Spells                             Type                      Level
   a - Summon Butterflies             Summoning                    1
   b - Apportation                    Translocation                1
   c - Tukima's Dance                 Hexes                        3
   d - Alistair's Intoxication        Transmutation/Poison         5
   e - Invisibility                   Hexes                        6
 z - a book of Unlife

   Spells                             Type                      Level
   a - Recall                         Summoning/Translocation      3
   b - Animate Dead                   Necromancy                   4
   c - Control Undead                 Necromancy                   4
   d - Cigotuvi's Embrace             Necromancy                   5
   e - Death Channel                  Necromancy                   6
   f - Simulacrum                     Ice/Necromancy               6
Comestibles
 c - 4 bread rations
 j - 6 beef jerkies
 p - 2 royal jellies
 q - 2 slices of pizza
 v - 2 meat rations


   Skills:
 - Level 1.5 Dodging
 - Level 1.5 Stealth
 + Level 7.0 Spellcasting
 + Level 7.6 Summonings
 - Level 1.0 Translocations
 + Level 6.9 Ice Magic
 - Level 1.0 Invocations


You had 9 spell levels left.
You knew the following spells:

 Your Spells              Type           Power        Failure   Level  Hunger
a - Summon Butterflies    Summ           ####....     1%          1    N/A
b - Call Imp              Summ           ####....     1%          2    N/A
c - Call Canine Familiar  Summ           ####....     1%          3    N/A
d - Summon Ice Beast      Ice/Summ       ####....     8%          4    N/A
e - Recall                Summ/Tloc      N/A          8%          3    N/A

Dungeon Overview and Level Annotations

Branches:
Dungeon (8/15)             Temple (1/1) D:6            Lair (1/8) D:8

Altars:
Ashenzari
Cheibriados
Dithmenos
Elyvilon
Fedhas
Gozag
Kikubaaqudgha
Makhleb
Nemelex Xobeh
Okawaru
Pakellas
Qazlal
Ru
Sif Muna
Trog
Vehumet
Xom
Yredelemnul
Zin
The Shining One

Annotations:
Lair:1 Urug


Innate Abilities, Weirdness & Mutations

You do not eat or drink.
Your flesh is vulnerable to fire.
You are immune to poison.
Your flesh is cold resistant.
You are immune to negative energy.
You are immune to unholy pain and torment.
You can survive without breathing.


Message History

Confirm with . or Enter, or press ? or * to list all spells.
The sentinel's mark upon you fades away.
Your hound bites the giant frog.
The wolf bites your hound. The wolf completely misses you.
The giant frog hits your hound. x2
Your hound dies!
Your hound's corpse disappears in a puff of smoke!
The river rat barely misses your butterfly.
The river rat completely misses your butterfly.
The wolf bites you!
* * * LOW HITPOINT WARNING * * *
The giant frog completely misses your butterfly.
The river rat bites you but does no damage.
You hit the giant frog.
The giant frog is almost dead.
The wolf barely misses you. The blink frog hits you.
* * * LOW HITPOINT WARNING * * *
The giant frog barely misses you.
The river rat barely misses your butterfly.
The blink frog hits you!
You die...

##### ### #### ### ##
###.PP####P#####.b###.########.##
..............b..b...............
......§§§.r...bFhbrr........<....
....o.§.§..ro..FFrrhrr......##.##
...b..§§§.D###Sh@##.#P......# ##
...b.......# #########......#
....DS.....# #......#
...P.#PP#..# #......#
...#r...F#h.# #......#
...#.....#.## #......#
.....r...... ...#.....#
...+.....#


You could see Urug, a blink frog, a water moccasin, 3 wolves, 2 giant frogs and
8 river rats.

Vanquished Creatures
  An orc warrior (D:6)
  A black bear (D:7)
  A centaur (D:5)
  A giant frog (D:7)
  5 wights (D:7)
  2 giant frog skeletons
  2 hounds (D:7)
  An orc wizard (D:6)
  2 iguanas
  A hound zombie (D:6)
  A gnoll (D:7)
  4 adders
  2 giant geckos (D:1)
  8 orcs
  2 giant cockroaches (D:1)
  6 goblins
  3 hobgoblins
  2 jackals
  2 kobolds
  2 quokkas (D:7)
  7 bats
  5 giant newts
  5 rats
66 creatures vanquished.

Vanquished Creatures (collateral kills)
  Gastronok (D:8)
  A hydra (Lair:1)
  Pikel (D:5)
  A spiny frog (D:8)
  A hungry ghost (D:7)
  A hippogriff (D:8)
  An orc warrior (D:8)
  A sky beast (D:8)
  An ice beast (D:8)
  A necrophage (D:5)
  An ogre (D:7)
  A black bear (D:6)
  3 centaurs
  A crocodile (D:8)
  4 giant frogs
  2 scorpions
  A crimson imp (D:8)
  A centaur zombie (D:8)
  An orc priest (D:6)
  A centaur skeleton (D:6)
  3 hounds
  3 orc wizards
  2 giant frog skeletons
  3 iguanas
  6 worker ants
  2 worker ant zombies
  6 gnolls
  5 adders
  3 oozes
  3 worms (D:3)
  3 dart slugs
  A giant gecko (D:3)
  17 orcs
  4 giant cockroaches
  5 goblins
  2 hobgoblins
  8 jackals
  4 kobolds
  3 quokkas
  A bat (D:3)
  A giant newt (D:7)
  A rat (D:3)
112 creatures vanquished.

Vanquished Creatures (others)
  A plant (Lair:1)
1 creature vanquished.

Grand Total: 179 creatures vanquished

Notes
Turn   | Place    | Note
--------------------------------------------------------------
     0 | D:1      | djnw the Mummy Summoner began the quest for the Orb.
     0 | D:1      | Reached XP level 1. HP: 13/13 MP: 3/3
   306 | D:1      | Reached XP level 2. HP: 16/19 MP: 5/5
   310 | D:1      | Learned a level 2 spell: Call Imp
  1097 | D:2      | Reached XP level 3. HP: 24/24 MP: 0/7
  1117 | D:2      | Learned a level 3 spell: Call Canine Familiar
  1314 | D:2      | Found a sparkling altar of Nemelex Xobeh.
  2045 | D:3      | Reached XP level 4. HP: 16/30 MP: 4/8
  2721 | D:3      | Found an opulent altar of Gozag.
  3174 | D:4      | Reached XP level 5. HP: 21/35 MP: 3/10
  3231 | D:4      | Learned a level 4 spell: Summon Ice Beast
  3973 | D:5      | Entered Level 5 of the Dungeon
  4022 | D:5      | Noticed a necrophage
  4031 | D:5      | Killed a necrophage
  4031 | D:5      | Reached skill level 5 in Summonings
  4031 | D:5      | Reached skill level 1 in Ice Magic
  4092 | D:5      | Reached XP level 6. HP: 24/41 MP: 0/11
  4238 | D:5      | Noticed a slave
  4250 | D:5      | Noticed a slave
  4251 | D:5      | Noticed Pikel
  4291 | D:5      | Noticed a slave
  4640 | D:5      | Found a snail-covered altar of Cheibriados.
  4855 | D:5      | Found an oddly glowing altar of Pakellas.
  5229 | D:5      | Noticed a slave
  5537 | D:6      | Found a bloodstained altar of Trog.
  5538 | D:6      | Noticed an orc warrior
  5560 | D:6      | Killed an orc warrior
  5560 | D:6      | Reached XP level 7. HP: 33/46 MP: 2/13
  5676 | D:6      | Found a staircase to the Ecumenical Temple.
  6702 | Temple   | Entered the Ecumenical Temple
  6841 | Temple   | Became a worshipper of Sif Muna the Loreminder
  6864 | D:6      | Learned a level 3 spell: Recall
  7250 | D:5      | Killed Pikel
  7250 | D:5      | Reached * piety under Sif Muna
  7250 | D:5      | Reached XP level 8. HP: 51/52 MP: 0/15
  7623 | D:7      | Reached skill level 5 in Spellcasting
  8012 | D:7      | Found a glowing silver altar of Zin.
  8855 | D:7      | Reached ** piety under Sif Muna
  8960 | D:7      | Reached skill level 5 in Ice Magic
  9359 | D:8      | Noticed Gastronok
  9366 | D:8      | HP: 2/52 [Gastronok/the air (14)]
  9413 | D:8      | Killed Gastronok
  9413 | D:8      | Reached *** piety under Sif Muna
  9413 | D:8      | Reached XP level 9. HP: 11/57 MP: 4/18
  9809 | D:8      | Noticed a death yak
 10886 | D:8      | Found a staircase to the Lair.
 11088 | D:8      | Noticed a spiny frog
 11102 | D:8      | Killed a spiny frog
 11102 | D:8      | Reached skill level 1 in Invocations
 11246 | D:8      | Learned a level 1 spell: Summon Butterflies
 11955 | Lair:1   | Entered Level 1 of the Lair of Beasts
 11997 | Lair:1   | Reached skill level 1 in Translocations
 12015 | Lair:1   | Noticed a five-headed hydra
 12031 | Lair:1   | Killed a five-headed hydra
 12031 | Lair:1   | Reached **** piety under Sif Muna
 12110 | Lair:1   | Noticed Urug
 12190 | Lair:1   | Noticed a seven-headed hydra
 12209 | Lair:1   | Mangled by a blink frog

Skill      XL: |  1  2  3  4  5  6  7  8  9 |
---------------+----------------------------+-----
Summonings     | 4 5 6 7 |  7.6
Spellcasting   | 3 4 6 7 |  7.0
Ice Magic      | 1 3 6 |  6.9
Invocations    | 1 |  1.0
Translocations | 1 |  1.0
Dodging        | |  1.5
Stealth        | |  1.5

Action                   |  1- 3 |  4- 6 |  7- 9 || total
-------------------------+-------+-------+-------++-------
Melee: Spear             |   137 |    35 |       ||   172
       Unarmed           |     7 |       |       ||     7
       War axe           |       |    62 |    46 ||   108
       Trident           |       |       |    82 ||    82
 Cast: Summon Small Mamm |    14 |    11 |     5 ||    30
       Call Imp          |    17 |    35 |    54 ||   106
       Call Canine Famil |     4 |    23 |    44 ||    71
       Summon Ice Beast  |       |       |    59 ||    59
       Summon Butterflie |       |       |    16 ||    16
Invok: Channel Energy    |       |       |     6 ||     6
  Use: Scroll            |     7 |     5 |    13 ||    25
 Stab: Sleeping          |     2 |       |       ||     2
       Distracted        |       |       |     1 ||     1
Armor: Robe              |    30 |    16 |    45 ||    91
Dodge: Dodged            |    82 |    81 |   118 ||   281
